 Dungeon Crawl Stone Soup version 0.32-a0-38-gb04dd89b9b (webtiles) character file.

Game seed: 7754233275485362624

9212 allhailveto the Carver (level 11, 0/97 HPs)
             Began as a Minotaur Fighter on Jan 23, 2024.
             Killed from afar by a lava snake (8 damage)
             ... with a glob of lava
             ... on level 2 of the Lair of Beasts.
             The game lasted 01:54:23 (14415 turns).

allhailveto the Carver (Minotaur Fighter)          Turns: 14415, Time: 01:54:24

Health: 0/97       AC: 16    Str: 24    XL:     11   Next: 20%
Magic:  10/10      EV: 12    Int:  5    God:
Gold:   663        SH: 13    Dex: 11    Spells: 10/10 levels left

rFire   . . .        E - +5 long sword
rCold   . . .        z - +2 kite shield
rNeg    . . .        i - +0 plate armour
rPois   .            (helmet restricted)
rElec   .            (no cloak)
rCorr   .            (no gloves)
SInv    .            r - +0 pair of boots
Will    .....        (no amulet) Stlth
                     f - ring of flight
HPRegen 0.36/turn    s - +5 ring of evasion
MPRegen 0.12/turn

%: no passive effects
@: about to teleport, flying
A: horns 2, retaliatory headbutt
a: no special abilities


You were on level 2 of the Lair of Beasts.
You visited 3 branches of the dungeon, and saw 12 of its levels.

You collected 663 gold pieces.

Inventory:

Hand Weapons
 a - a +0 long sword
 n - a +0 shortbow
 y - a +2 short sword of freezing
 E - a +5 long sword (weapon)
 G - a +0 dagger
 H - a +0 short sword
 I - a +0 orcbow
Missiles
 j - 10 poisoned darts (quivered)
 m - 8 boomerangs
Armour
 b - a +0 scale mail
 c - a +0 buckler
 e - a +0 cloak
 i - a +0 plate armour (worn)
 p - the +0 leather armour "Ihiw" {Str-5 Dex+5}
   (You found it on level 4 of the Dungeon)

   Str-5:     It affects your strength (-5).
   Dex+5:     It affects your dexterity (+5).
 r - a +0 pair of boots (worn)
 v - a +0 scale mail
 z - a +2 kite shield (worn)
Jewellery
 f - a ring of flight (left hand)
 g - a ring of protection from fire
 s - a +5 ring of evasion (right hand)
 u - a ring of positive energy
 w - a ring of resist corrosion
 A - a +6 ring of intelligence
Wands
 o - a wand of flame (14)
 B - a wand of paralysis (14)
 D - a wand of polymorph (7)
 L - a wand of mindburst (5)
 N - a wand of light (5)
Scrolls
 d - 4 scrolls of blinking
 h - 4 scrolls of identify
 k - 2 scrolls of teleportation
 q - 2 scrolls of amnesia
 t - a scroll of torment {unknown}
 x - a scroll of enchant armour
 F - 2 scrolls of revelation
 J - 2 scrolls of butterflies {unknown}
 K - a scroll of immolation {unknown}
Potions
 l - 3 potions of curing
 C - 3 potions of attraction
 M - 2 potions of might
 O - a potion of enlightenment


   Skills:
 + Level 9.2 Fighting
 + Level 11.7 Long Blades
 + Level 5.0 Throwing
 + Level 11.0 Armour
 + Level 1.1 Dodging
 + Level 1.3 Stealth
 + Level 10.0 Shields


You had 10 spell levels left.
You didn't know any spells.
Your spell library contained the following spells:

 Spells                   Type           Power      Damage    Failure   Level
 Blink                    Tloc           0%         N/A       100%        2
 Cigotuvi's Dreadful Rot  Necr/Alch/Air  0%         N/A       100%        2
 Ensorcelled Hibernation  Hex/Ice        0%         N/A       100%        2
 Lesser Beckoning         Tloc           0%         N/A       100%        2
 Momentum Strike          Conj/Tloc      0%         3d8       100%        2
 Gell's Gravitas          Tloc           0%         N/A       100%        3
 Passwall                 Erth           0%         N/A       100%        3
 Swiftness                Air            0%         N/A       100%        3
 Teleport Other           Tloc           0%         N/A       100%        3
 Animate Dead             Necr           0%         N/A       100%        4
 Dispel Undead            Necr           0%         3d6       100%        4
 Martyr's Knell           Necr/Summ      0%         N/A       100%        4
 Borgnjor's Vile Clutch   Necr/Erth      0%         N/A       100%        5
 Death Channel            Necr           0%         N/A       100%        6
 Dispersal                Tloc           0%         N/A       100%        6


Dungeon Overview and Level Annotations

Branches:
Dungeon (9/15)             Temple (1/1) D:7            Lair (2/5) D:9
  Snake (0/4) Lair:2
  Swamp: Lair:2-3    Shoals: Lair:2-3       Orc: D:9-12

Altars:
Ashenzari
Cheibriados
Dithmenos
Elyvilon
Fedhas
Gozag
Hepliaklqana
Kikubaaqudgha
Makhleb
Nemelex Xobeh
Okawaru
Qazlal
Ru
Sif Muna
Trog
Uskayaw
Vehumet
Wu Jian
Xom
Yredelemnul
Zin
The Shining One

Shops:
D:1 [   D:2 =   D:3 (   D:4 [   D:5 *


Innate Abilities, Weirdness & Mutations

You have a pair of horns on your head.
You reflexively headbutt those who attack you in melee.


Message History

The plant is lightly damaged.
A nearby plant withers and dies.
The yak closely misses you. You block the yak's attack.
A nearby plant withers and dies.
The bullfrog closely misses you. You furiously retaliate!
You headbutt the bullfrog! The yak attacks as it pursues you!
You block the yak's attack.
You hit the bullfrog.
The bullfrog is severely wounded.
A nearby plant withers and dies. x2; The bullfrog closely misses you.
You furiously retaliate!
You headbutt the bullfrog!
You kill the bullfrog!
You block the yak's attack.
A nearby plant withers and dies.
The yak attacks as it pursues you! You block the yak's attack.
The yak gores you!
* * * LOW HITPOINT WARNING * * *
The lava snake spits lava at you. You block the glob of lava.
You block the yak's attack. The yak attacks as it pursues you!
The yak closely misses you. You furiously retaliate!
You headbutt the yak.
Found 8 gold pieces.
The yak gores you!
* * * LOW HITPOINT WARNING * * *
The yak attacks as it pursues you! You block the yak's attack.
The yak attacks as it pursues you! The yak barely misses you.
The yak attacks as it pursues you! The yak barely misses you.
Blink to where?
Press: ? - help, Dir - move target
Okay, then.
Blink to where?
Press: ? - help, Dir - move target
Okay, then.
The yak attacks as it pursues you! The yak gores you but does no damage.
As you read the scroll of teleportation, it crumbles to dust.
You feel strangely unstable. The yak gores you but does no damage.
You block the yak's attack. x2
The yak attacks as it pursues you! You block the yak's attack.
The lava snake spits lava at you. The glob of lava hits you!
You die...

.P#.........≈.....#
...........#≈§≈#..#
..........#≈≈§#...
.........#≈§§....
#.......≈≈≈§§...
#........S≈≈#...
#..<..Y.#...#..P
#....Y.Y@.......
##.....Y..##$#...
#...PPP.......
#...PPPP.......
##..~~~.........
#..~~~P....P...
#.P~~~P....#...
#..PPPP....##.#
#............


You could see 4 yaks and a lava snake (catching breath).

Vanquished Creatures
  3 death yaks (Lair:1)
  An elephant (D:9)
  2 cane toads (Lair:1)
  3 komodo dragons
  5 blink frogs (Lair:1)
  Sigmund (D:2)
  A wyvern (Lair:1)
  7 yaks
  A fire elemental (Lair:2)
  The ghost of Azoth the Insei, an amateur DjSh (D:3)
  3 water moccasins
  An orc warrior (D:9)
  An ice beast (D:6)
  A black bear (D:9)
  A sky beast (D:7)
  2 centaurs
  A phantom (D:6)
  4 kobold brigands
  Blork the orc (D:4)
  2 scorpions (D:5)
  9 bullfrogs
  8 wights (D:8)
  5 howler monkeys
  An electric eel (Lair:2)
  A jelly (D:7)
  3 orc priests
  2 hounds (D:6)
  4 iguanas
  4 orc wizards
  A statue (D:3)
  A mummy (D:6)
  5 adders
  4 gnolls (D:9)
  10 river rats (D:5)
  2 shadow imps (D:8)
  3 white imps
  2 ufetubi (D:6)
  28 orcs
  6 bats
  8 endoplasms
  3 giant cockroaches
  7 hobgoblins
  3 jackals (D:2)
  3 frilled lizards (D:2)
  2 goblins
  3 hobgoblin zombies (D:6)
  28 kobolds
  An orc zombie (D:6)
  15 rats
214 creatures vanquished.

Vanquished Creatures (others)
  An orc wizard (D:5)
1 creature vanquished.

Grand Total: 215 creatures vanquished

Notes
Turn   | Place    | Note
-------+----------+-------------------------------------------
     0 | D:1      | allhailveto the Minotaur Fighter began the quest for the
                  | Orb.
     0 | D:1      | Reached XP level 1. HP: 19/19 MP: 0/0
   299 | D:1      | HP: 1/20 [frozen (2)]
   302 | D:1      | Reached XP level 2. HP: 2/27 MP: 1/1
   458 | D:1      | Found Xuur's Armour Shoppe.
  1063 | D:2      | Noticed Sigmund
  1077 | D:2      | Killed Sigmund
  1078 | D:2      | Reached XP level 3. HP: 14/34 MP: 2/2
  1078 | D:2      | Reached XP level 4. HP: 18/41 MP: 3/3
  1078 | D:2      | Reached XP level 5. HP: 20/47 MP: 4/4
  1228 | D:2      | Reached skill level 5 in Armour
  1240 | D:2      | Found a shimmering blue altar of Sif Muna.
  1652 | D:2      | Found Carififuu's Jewellery Shop.
  2112 | D:3      | Found a hide-covered altar of Uskayaw.
  2112 | D:3      | Noticed a +0 dagger
  2112 | D:3      | Noticed a +0 spear
  2230 | D:3      | Noticed a +0 spear
  2230 | D:3      | Noticed a +0 short sword
  2231 | D:3      | Noticed a +0 dagger
  2232 | D:3      | Noticed a +0 short sword
  2233 | D:3      | Noticed a +0 falchion
  2234 | D:3      | Noticed a +0 falchion
  2305 | D:3      | Found Plog's Antique Weapon Shoppe.
  2421 | D:3      | Found a radiant altar of Vehumet.
  2421 | D:3      | Noticed a frost-covered statue
  2446 | D:3      | Killed a frost-covered statue
  2639 | D:3      | Found a runed translucent gate.
  2639 | D:3      | Found a runed translucent gate.
  2656 | D:3      | Found a runed translucent gate.
  2656 | D:3      | Noticed Azoth's ghost (amateur DjSh)
  3326 | D:3      | Reached XP level 6. HP: 18/53 MP: 5/5
  3404 | D:3      | Killed Azoth's ghost
  3405 | D:3      | Reached skill level 5 in Long Blades
  3405 | D:3      | Reached skill level 5 in Shields
  3806 | D:4      | Noticed Blork the orc
  3822 | D:4      | Killed Blork the orc
  3823 | D:4      | Reached XP level 7. HP: 22/60 MP: 6/6
  4037 | D:4      | Identified the +0 leather armour "Ihiw" {Str-5 Dex+5}
  4108 | D:4      | Found a snail-covered altar of Cheibriados.
  4119 | D:4      | Found a shimmering blue altar of Sif Muna.
  4126 | D:4      | Found a bloodstained altar of Trog.
  4330 | D:4      | Found Wiyzofis's Antique Armour Shoppe.
  4483 | D:4      | Found a basalt altar of Yredelemnul.
  4485 | D:4      | Noticed a profane servitor
  4504 | D:4      | Found a glowing golden altar of the Shining One.
  4506 | D:4      | Noticed an angel
  5361 | D:5      | Entered Level 5 of the Dungeon
  5377 | D:5      | Reached skill level 5 in Fighting
  5676 | D:5      | Found a shadowy altar of Dithmenos.
  5917 | D:5      | Found Pitel's Lightly-Used Armoury.
  5930 | D:5      | Reached skill level 1 in Throwing
  6355 | D:5      | Reached XP level 8. HP: 62/69 MP: 7/7
  6493 | D:6      | Found a sacrificial altar of Ru.
  6595 | D:6      | HP: 3/69 [poisoned by an orc wizard]
  7345 | D:6      | Found a white marble altar of Elyvilon.
  7680 | D:6      | Found a broken altar of Ashenzari.
  8608 | D:7      | Found a shimmering altar of Xom.
  8795 | D:7      | Found a staircase to the Ecumenical Temple.
  9048 | Temple   | Entered the Ecumenical Temple
  9489 | D:8      | Found an opulent altar of Gozag.
  9501 | D:8      | Reached XP level 9. HP: 63/78 MP: 8/8
  9598 | D:8      | HP: 1/77 [shadow imp/nerve-wracking pain (13)]
 10361 | D:8      | Found an iron altar of Okawaru.
 10856 | D:8      | Reached skill level 1 in Stealth
 11271 | D:9      | Noticed a komodo dragon
 11283 | D:9      | Killed a komodo dragon
 11454 | D:9      | Found a staircase to the Lair.
 11454 | D:9      | Noticed an elephant
 11495 | D:9      | Killed an elephant
 11496 | D:9      | Reached skill level 10 in Long Blades
 11496 | D:9      | Reached skill level 10 in Armour
 11720 | Lair:1   | Entered Level 1 of the Lair of Beasts
 11806 | Lair:1   | Noticed a cane toad
 11810 | Lair:1   | Killed a cane toad
 11811 | Lair:1   | Reached XP level 10. HP: 76/86 MP: 9/9
 11817 | Lair:1   | Noticed a cane toad
 11824 | Lair:1   | Killed a cane toad
 12030 | Lair:1   | Noticed a death yak
 12030 | Lair:1   | Noticed a death yak
 12031 | Lair:1   | Noticed a death yak
 12060 | Lair:1   | Killed a death yak
 12075 | Lair:1   | Killed a death yak
 12076 | Lair:1   | Reached skill level 1 in Dodging
 12316 | Lair:1   | Killed a death yak
 12993 | Lair:1   | Reached XP level 11. HP: 39/97 MP: 10/10
 13020 | Lair:1   | Reached skill level 10 in Shields
 14212 | Lair:2   | Found a staircase to the Snake Pit.
 14385 | Lair:2   | Reached skill level 5 in Throwing
 14415 | Lair:2   | Killed from afar by a lava snake

Illustrated notes

Levels and vault maps discovered:
D:1:      nagdon_arrival_zigzag_paths, layout_rooms, serial_shops, shop
D:2:      layout_rooms, serial_shops, nicolae_shop_window_shopping, basic_altar,
          minmay_liquid_box, chequers_serial_rivers_marsh, uniq_sigmund
D:3:      layout_loops_cross, nicolae_uskayaw_en_pointe, vehumet_statue,
          serial_shops, nicolae_shop_tiny_glass, gammafunk_ghost_nasty_kobolds,
          chequers_serial_rivers_micro_b
D:4:      layout_loops_ring, grunt_temple_overflow_holy_war,
          grunt_temple_overflow_diamond, serial_shops, kennysheep_mini,
          uniq_blork_the_orc
D:5:      layout_basic, grunt_dithmenos_smoke, minmay_shop_damaged, st_stairs_2,
          minmay_misc_feat_four_crosses, dk_rats_in_the_wall
D:6:      layout_basic, elyvilon_altar_5, mainiacjoe_overflow_alcove_4,
          hangedman_ru_absence, minmay_mini_ossuary
D:7:      layout_rooms, mainiacjoe_overflow_cross_hatched,
          minmay_temple_entry_statues_pillars
D:8:      layout_loops_cross, mainiacjoe_overflow_six_doors_small,
          mainiacjoe_overflow_surrounded_room
D:9:      layout_stronghold, grunt_lair_entry_orc_guard_hut, uniq_harold
Temple:   nicolae_temple_bog_church
Lair:1:   layout_cave_pods
Lair:2:   layout_gridlike, dummy_snake_entry, grunt_forest_small_clearings

Skill      XL: |  1  2  3  4  5  6  7  8  9 10 11 |
---------------+----------------------------------+-----
Fighting       | 4 5 6 7 9 |  9.2
Shields        | 4 5 6 8 9 10 | 10.0
Long Blades    | 4 5 6 8 10 11 | 11.7
Armour         | 4 5 6 7 8 10 11 | 11.0
Throwing       | 1 2 3 4 5 |  5.0
Stealth        | 1 |  1.3
Dodging        | 1 |  1.1

Action                     |  1- 3 |  4- 6 |  7- 9 | 10-12 || total
---------------------------+-------+-------+-------+-------++-------
  Melee: Long sword        |    53 |   111 |   404 |   216 ||   784
         Headbutt          |     7 |    23 |    73 |    80 ||   183
  Throw: Dart              |       |     6 |    49 |    25 ||    80
    Use: Potion            |     2 |     2 |     5 |       ||     9
         Scroll            |       |     6 |     6 |     2 ||    14
 Armour: Scale mail        |    35 |       |       |       ||    35
         Plate armour      |    12 |   101 |   364 |   142 ||   619
  Dodge: Dodged            |    34 |    36 |   208 |    81 ||   359
  Block: Buckler           |     9 |    36 |    61 |       ||   106
         Kite shield       |       |       |   117 |   135 ||   252

Table legend: (Time is in decaauts)
 A = Elapsed time spent in this place.
 B = Non-inter-level travel time spent in this place.
 C = Inter-level travel time spent in this place.
 D = Time resting spent in this place.
 E = Time spent auto-exploring this place.
 F = Levels seen in this place.
 G = Mean time per level.
                   A        B        C        D        E       F      G
               +--------+--------+--------+--------+--------+-----+--------+
         Total |  14469 |  13960 |    509 |    349 |   1081 |  12 | 1205.8 |
       Dungeon |  11551 |  11235 |    316 |    229 |   1035 |   9 | 1283.4 |
        Temple |    242 |    242 |      0 |      0 |      0 |   1 |  242.0 |
          Lair |   2675 |   2482 |    193 |    120 |     46 |   2 | 1337.5 |
               +--------+--------+--------+--------+--------+-----+--------+

Top non-repeatable levels by time:
  Lair:1: 2209 daAuts
     D:6: 2045 daAuts
     D:4: 1642 daAuts
     D:8: 1628 daAuts
     D:3: 1602 daAuts
     D:1: 1144 daAuts
     D:5: 1086 daAuts
     D:2: 998 daAuts
     D:9: 728 daAuts
     D:7: 674 daAuts
  Lair:2: 466 daAuts
  Temple: 242 daAuts
